 Dungeon Crawl Stone Soup version 0.16.1-16-gc44b35d (webtiles) character file.

70329 Trafet the Nimble (level 15, -6/98 HPs)
             Began as an Octopode Wizard on Apr 18, 2015.
             Was the Champion of Vehumet.
             Mangled by a wolf spider (25 damage)
             ... on level 2 of the Spider Nest.
             The game lasted 02:48:54 (36798 turns).

Trafet the Nimble (Octopode Wizard)                Turns: 36798, Time: 02:48:54

Health: -6/98      AC:  8    Str: 17    XL:     15   Next: 32%
Magic:  22/44      EV: 29    Int: 30    God:    Vehumet [******]
Gold:   1532       SH:  9    Dex: 22    Spells: 10 memorised, 6 levels left

rFire  . . .     SeeInvis +     C - +0 mace (protect)
rCold  . . .     Clarity  +     F - +3 buckler
rNeg   . . .     SustAb   .     b - +2 hat
rPois  +         Gourm    .     a - amulet of clarity
rElec  .         Spirit   .     P - +5 ring of dexterity
rCorr  .         Warding  .     x - ring of Jealousy {Str+5 Int+7 Dex+3}
rMut   .         Stasis   .     m - ring of protection from magic
MR     ++...                    g - +4 ring of slaying
Stlth  ++++......               K - ring of the Moon {rPois MP+9 EV+3 Str+4 Int-3}
                                I - ring of see invisible
                                e - ring of wizardry
                                N - +4 ring of dexterity

@: repel missiles, very resistant to hostile enchantments, stealthy
A: almost no armour, amphibious, 8 rings, constrict 8, camouflage 1, gelatinous
body 1
a: Renounce Religion


You were on level 2 of the Spider Nest.
You worshipped Vehumet.
Vehumet was exalted by your worship.
You were hungry.

You visited 5 branches of the dungeon, and saw 27 of its levels.
You also visited: Ossuary, Ice Cave and Volcano.

You collected 2782 gold pieces.
You spent 1250 gold pieces at shops.

Inventory:

Hand weapons
 h - a +2 dagger of flaming
 A - a +2 spear of flaming
 C - a +0 mace of protection (weapon)
 G - a +4 rapier of freezing
Missiles
 j - 53 stones (quivered)
Armour
 b - a +2 hat (worn)
 F - a +3 buckler (worn)
Magical staves
 Y - an uncursed staff of wizardry
Jewellery
 a - an amulet of clarity (around mantle)
 e - a ring of wizardry (on tentacle)
 g - a +4 ring of slaying (on tentacle)
 i - an uncursed amulet of resist mutation
 m - a ring of protection from magic (on tentacle)
 w - a +3 ring of strength
 x - the ring of Jealousy (right tentacle) {Str+5 Int+7 Dex+3}
   (You found it on level 4 of the Lair of Beasts)

   [ring of strength]

   It affects your strength (+5).
   It affects your intelligence (+7).
   It affects your dexterity (+3).
 D - an uncursed ring of ice
 I - a ring of see invisible (on tentacle)
 K - the ring of the Moon (on tentacle) {rPois MP+9 EV+3 Str+4 Int-3}
   (You bought it in a shop on level 11 of the Dungeon)

   [ring of evasion]

   It affects your evasion (+3).
   It affects your strength (+4).
   It affects your intelligence (-3).
   It protects you from poison.
   It affects your magic capacity (+9).
 N - a +4 ring of dexterity (on tentacle)
 P - a +5 ring of dexterity (left tentacle)
 R - an uncursed ring of fire
Magical devices
 f - a wand of disintegration (9)
 y - a wand of fire (0)
 J - a wand of draining (12)
 T - a wand of heal wounds (4)
Scrolls
 c - 4 scrolls of identify
 n - 4 scrolls of teleportation
 o - 11 scrolls of remove curse
 p - a scroll of summoning {unknown}
 r - 5 scrolls of amnesia
Potions
 q - 3 potions of invisibility
 s - a potion of magic {unknown}
 v - 4 potions of haste
 O - a potion of heal wounds
 S - 2 potions of curing
Comestibles
 d - 14 bread rations
 k - a beef jerky
 W - 22 fruits


   Skills:
 + Level 7.6 Fighting
 * Level 13.9 Dodging
 - Level 2.8 Stealth
 - Level 4.4 Shields
 + Level 13.4 Spellcasting
 + Level 9.7 Conjurations
 - Level 10.0 Charms
   Level 1.0 Summonings
 - Level 1.0 Translocations
 - Level 7.0 Ice Magic


You had 6 spell levels left.
You knew the following spells:

 Your Spells              Type           Power        Failure   Level  Hunger
a - Magic Dart            Conj           ####         1%          1    None
b - Blink                 Tloc           N/A          1%          2    None
c - Mephitic Cloud        Conj/Pois/Air  #####...     1%          3    None
d - Conjure Flame         Conj/Fire      #####...     1%          3    None
e - Repel Missiles        Chrm/Air       ######       1%          2    None
f - Regeneration          Chrm/Necr      ######....   1%          3    None
g - Throw Icicle          Conj/Ice       ######..     1%          4    None
h - Orb of Destruction    Conj           ######....   4%          7    #####..
i - Haste                 Chrm           ######..     4%          6    ####...
j - Ozocubu's Armour      Chrm/Ice       ######..     1%          3    None


Dungeon Overview and Level Annotations

Branches:
Dungeon (12/15)            Temple (1/1) D:4            Lair (8/8) D:9
 Shoals (0/5) Lair:6       Spider (2/5) Lair:3        Slime (0/6) Lair:7
    Orc (4/4) D:12            Elf (0/3) Orc:3

Altars:
Ashenzari
Cheibriados
Dithmenos
Elyvilon
Fedhas
Gozag
Kikubaaqudgha
Makhleb
Nemelex Xobeh
Okawaru
Qazlal
Ru
Sif Muna
Trog
Vehumet
Xom
Yredelemnul
Zin
The Shining One
Beogh
Jiyva

Shops:
D:11 [*:?=   Orc:2 *   Orc:4 [(:*

Annotations:
D:6 dxcTest1's ghost, average CeHu
Spider:2 Nikola


Innate Abilities, Weirdness & Mutations

You cannot wear most types of armour.
You are amphibious.
You can wear up to eight rings at the same time.
You can use your tentacles to constrict many enemies at once.
Your skin changes colour to match your surroundings (Stealth).
Your rubbery body absorbs attacks (AC +1).


Message History

Nikola blinks!
Nikola mumbles some strange words.
Nikola blinks!
You are caught in the web!
Nikola mumbles some strange words.
You hear a mighty clap of thunder!
The lightning arc hits you!
The lightning arc hits the wolf spider.
The lightning arc hits you!
The lightning arc hits the wolf spider.
The wolf spider dies!
The lightning arc hits you!
* * * LOW HITPOINT WARNING * * *
You hear an angry hiss.
There is a web here.
Read which item? (? for menu, Esc to quit)
Okay, then.
You disentangle yourself.
Nikola gestures wildly while chanting.
Nikola blinks!
The wolf spider hits you!!
You die...

#..#≈# #...##...
#####...####...≈§...
#..##....≈#....#....
##...≈#..##....## .§.
##≈#...≈.##..^..# §.
#≈#≈...≈≈^......# .
##≈...≈.##...#....#
#≈≈..s##.....#....# .
#≈#^.@.#.....##.[##
#≈ ####^.≈#....≈≈##.#
≈. ######.......###
≈.
#≈^#.........##.##..
##≈#...#≈......##^...
#≈#≈#...#≈#)...#...#.
#######...#....≈##≈#.
#≈≈.#..#..#.#....≈
#≈##≈#.##.#≈##.#≈.


You could see a wolf spider.

Vanquished Creatures
  An orc warlord (Orc:3)
  Josephine (D:12)
  Fannar (Orc:3)
  5 hydras
  An ice dragon (Orc:1)
  Nessos (Volcano)
  3 death yaks (Lair:7)
  Urug (D:12)
  2 orc high priests (Orc:4)
  Nergalle (Lair:7)
  An unseen horror (D:12)
  3 ice statues (IceCv)
  3 orc knights (Orc:4)
  4 orb spiders
  A griffon (Lair:6)
  5 hill giants
  2 wolf spiders
  An ugly thing (D:12)
  3 black mambas
  3 orc sorcerers (Orc:4)
  5 elephants
  4 sirens (Lair:6)
  Psyche (D:8)
  13 spiny frogs
  12 komodo dragons
  3 demonic crawlers
  A fire drake (Lair:7)
  2 yaktaurs (Volcano)
  3 jumping spiders
  A wandering mushroom (Lair:7)
  32 blink frogs
  Sonja (Orc:3)
  3 polar bears
  4 trolls
  A trapdoor spider zombie (D:11)
  A two-headed ogre (D:9)
  4 basilisks
  5 wraiths
  A spriggan (Lair:7)
  5 trapdoor spiders (Spider:1)
  A redback (Spider:1)
  4 steam dragons
  Eustachio (D:5)
  2 wyverns
  40 yaks
  Grum (D:10)
  5 tarantellas
  9 wolves
  3 hippogriffs
  6 wargs
  15 water moccasins
  A vampire mosquito (Orc:1)
  A mottled dragon (D:10)
  4 sky beasts
  12 spiders (Spider:1)
  9 porcupines
  A phantom (D:9)
  3 wasps
  14 ice beasts
  A black bear (D:8)
  17 orc warriors
  An eye of draining (D:12)
  20 ogres
  A boring beetle (Lair:8)
  2 centaurs (Volcano)
  10 crocodiles
  4 big kobolds
  Sigmund (D:5)
  A gnoll sergeant (D:7)
  An elf zombie (D:6)
  21 giant frogs
  2 elf skeletons (D:6)
  6 scorpions
  8 killer bees
  7 wights (D:11)
  The ghost of raikaria the Charmwright, a weakling HESk (D:3)
  6 electric eels
  A giant frog zombie (D:8)
  A quasit (D:7)
  14 hounds
  8 crimson imps
  3 goliath beetles (D:9)
  13 jellies
  2 centaur skeletons
  17 orc priests
  9 iguanas
  33 orc wizards
  7 worker ants
  A killer bee zombie (D:6)
  21 sheep
  A big kobold zombie (Ossuary)
  2 mummies (Ossuary)
  28 adders
  A worker ant zombie (D:10)
  6 gnolls (D:7)
  30 river rats
  A giant mite (D:2)
  3 shadow imps
  6 worms
  6 adder zombies
  2 adder skeletons
  9 giant geckos
  10 oozes
  189 orcs
  A ball python (D:3)
  21 bats
  5 giant cockroaches
  18 hobgoblins
  9 jackals
  18 kobolds
  15 quokkas
  5 giant newts
  3 gnoll zombies (Ossuary)
  31 goblins
  2 goblin zombies (D:4)
  2 hobgoblin zombies
  A kobold skeleton (D:4)
  5 kobold zombies (Ossuary)
  3 orc skeletons
  7 orc zombies
  3 quokka skeletons (D:4)
  19 rats
  3 ballistomycetes (D:12)
  A fungus (Lair:6)
983 creatures vanquished.

Vanquished Creatures (collateral kills)
  A jumping spider (Spider:1)
  A killer bee (D:10)
2 creatures vanquished.

Vanquished Creatures (others)
  A wolf spider (Spider:2)
  A giant frog (D:6)
  An orc wizard (D:7)
  A giant spore (D:12)
  14 fungi
  13 plants
31 creatures vanquished.

Grand Total: 1016 creatures vanquished

Notes
Turn   | Place    | Note
--------------------------------------------------------------
     0 | D:1      | Trafet, the Octopode Wizard, began the quest for the Orb.
     0 | D:1      | Reached XP level 1. HP: 11/11 MP: 4/4
   156 | D:1      | Reached XP level 2. HP: 15/17 MP: 1/6
   643 | D:1      | Learned a level 2 spell: Blink
   831 | D:1      | Reached XP level 3. HP: 21/21 MP: 2/8
  1388 | D:2      | Reached skill level 1 in Shields
  1704 | D:2      | Reached XP level 4. HP: 27/27 MP: 0/10
  2578 | D:3      | Noticed an ogre
  2592 | D:2      | Learned a level 3 spell: Mephitic Cloud
  2596 | D:2      | Learned a level 3 spell: Conjure Flame
  2632 | D:3      | Killed an ogre
  2632 | D:3      | Reached XP level 5. HP: 31/31 MP: 2/11
  3104 | D:3      | Noticed raikaria's ghost (weakling HESk)
  3496 | D:3      | Killed raikaria's ghost
  3496 | D:3      | Reached skill level 4 in Conjurations
  3496 | D:3      | Reached XP level 6. HP: 15/36 MP: 2/13
  4255 | D:4      | Found a glowing golden altar of the Shining One.
  4429 | D:4      | Reached skill level 5 in Conjurations
  5006 | D:4      | Found a staircase to the Ecumenical Temple.
  5073 | D:4      | Identified the Handbook of Sinister Magic and Toxins
  5115 | Temple   | Entered the Ecumenical Temple
  5151 | Temple   | Became a worshipper of Vehumet
  5287 | D:4      | Reached XP level 7. HP: 41/41 MP: 2/15
  5771 | D:5      | Entered Level 5 of the Dungeon
  5771 | D:5      | Noticed Eustachio
  5780 | D:5      | Killed Eustachio
  5780 | D:5      | Reached skill level 6 in Conjurations
  5786 | D:5      | Learned a level 2 spell: Repel Missiles
  6203 | D:5      | Learned a level 3 spell: Regeneration
  6231 | D:5      | Reached XP level 8. HP: 46/46 MP: 4/19
  6480 | D:5      | Acquired Vehumet's first power
  6480 | D:5      | Offered knowledge of Shock by Vehumet.
  6480 | D:5      | Reached skill level 5 in Spellcasting
  7015 | D:5      | Noticed Sigmund
  7022 | D:5      | Killed Sigmund
  7437 | D:6      | Noticed dxcTest1's ghost (average CeHu)
  7463 | D:6      | Found a sand-covered staircase.
  7468 | Ossuary  | Entered an ossuary
  7867 | D:6      | Offered knowledge of Throw Frost by Vehumet.
  8114 | D:6      | Reached skill level 7 in Spellcasting
  8374 | D:6      | Reached skill level 8 in Spellcasting
  8374 | D:6      | Reached XP level 9. HP: 35/51 MP: 14/25
  8733 | D:6      | Offered knowledge of Searing Ray by Vehumet.
  8946 | D:7      | Reached skill level 5 in Dodging
  9218 | D:7      | Acquired Vehumet's second power
  9230 | D:7      | HP: 2/51 [orc/wand of fire (13)]
  9560 | D:7      | Offered knowledge of Throw Icicle by Vehumet.
  9575 | D:7      | Found a bloodstained altar of Trog.
  9591 | D:7      | Learned a level 4 spell: Throw Icicle
  9837 | D:7      | Reached skill level 1 in Ice Magic
 10158 | D:7      | Reached XP level 10. HP: 21/56 MP: 3/27
 10425 | D:7      | Acquired Vehumet's third power
 10747 | D:8      | Offered knowledge of Dazzling Spray by Vehumet.
 10835 | D:8      | Noticed Psyche
 10840 | D:8      | Killed Psyche
 11657 | D:9      | Found a staircase to the Lair.
 11669 | D:9      | Reached skill level 9 in Spellcasting
 12401 | D:9      | Offered knowledge of Orb of Destruction by Vehumet.
 12417 | D:9      | Reached skill level 10 in Dodging
 12524 | D:9      | Learned a level 7 spell: Orb of Destruction
 12539 | D:10     | Entered Level 10 of the Dungeon
 12546 | D:10     | Noticed Grum
 12885 | D:10     | Noticed a hill giant
 12905 | D:10     | Killed a hill giant
 12905 | D:10     | Reached XP level 11. HP: 61/61 MP: 6/29
 13169 | D:10     | Reached skill level 10 in Spellcasting
 13474 | D:10     | Killed Grum
 13746 | Lair:1   | Entered Level 1 of the Lair of Beasts
 13969 | Lair:1   | Reached skill level 11 in Spellcasting
 14763 | Lair:1   | Noticed an eight-headed hydra
 15402 | Lair:2   | Reached skill level 12 in Spellcasting
 15519 | Lair:2   | Learned a level 6 spell: Haste
 15600 | Lair:2   | Reached skill level 1 in Charms
 15965 | Lair:2   | Reached XP level 12. HP: 66/66 MP: 15/32
 16016 | Lair:2   | Reached skill level 5 in Charms
 16212 | Lair:2   | Noticed an eight-headed hydra
 16229 | Lair:2   | Killed an eight-headed hydra
 16660 | Lair:3   | Found a glowing silver altar of Zin.
 16856 | Lair:3   | Noticed an eight-headed hydra
 16907 | Lair:3   | Killed an eight-headed hydra
 17214 | Lair:3   | Found a hole to the Spider Nest.
 18121 | Lair:4   | Got a fine silver ring
 18122 | Lair:4   | Identified the ring of Jealousy {Str+5 Int+7 Dex+3} (You found it on level 4 of the Lair of Beasts)
 18656 | Lair:4   | Offered knowledge of Fulminant Prism by Vehumet.
 18782 | Lair:4   | Reached skill level 10 in Charms
 18949 | Lair:4   | Reached skill level 1 in Fighting
 19871 | Lair:4   | Reached XP level 13. HP: 74/74 MP: 33/33
 21893 | Lair:6   | Found a staircase to the Shoals.
 23267 | Lair:7   | Found a dark tunnel.
 23272 | Volcano  | Entered a volcano
 23290 | Volcano  | Found a radiant altar of Vehumet.
 23295 | Volcano  | Noticed Nessos
 23317 | Volcano  | Killed Nessos
 23604 | Lair:7   | Noticed Nergalle
 23611 | Lair:7   | Killed Nergalle
 24139 | Lair:7   | Offered knowledge of Bolt of Magma by Vehumet.
 24792 | Lair:7   | Found a viscous altar of Jiyva.
 24793 | Lair:7   | Found a staircase to the Slime Pits.
 24945 | Lair:7   | Reached skill level 5 in Fighting
 25215 | Lair:8   | Entered Level 8 of the Lair of Beasts
 25399 | Lair:8   | Reached XP level 14. HP: 88/88 MP: 19/34
 26179 | Lair:2   | Identified a scroll of acquirement
 26471 | Lair:1   | Killed an eight-headed hydra
 27100 | D:11     | Found Noykaod's Magic Scroll Boutique.
 27125 | D:11     | Bought 3 scrolls of teleportation for 126 gold pieces
 27126 | D:11     | Found Doasuas' Book Shop.
 27135 | D:11     | Bought a book of Frost for 385 gold pieces
 27139 | D:11     | Learned a level 3 spell: Ozocubu's Armour
 27214 | D:11     | Found Vuen's Armour Boutique.
 27782 | D:11     | Offered knowledge of Poisonous Cloud by Vehumet.
 27883 | D:11     | Reached skill level 5 in Ice Magic
 28000 | D:11     | Found Etisux's Assorted Antiques.
 28150 | D:11     | Found Cal Fiaj's Jewellery Shoppe.
 28154 | D:11     | Bought an uncursed ring of see invisible for 225 gold pieces
 28154 | D:11     | Bought the ring of the Moon {rPois MP+9 EV+3 Str+4 Int-3} for 514 gold pieces
 28244 | D:12     | Found a staircase to the Orcish Mines.
 28334 | D:12     | Noticed Urug
 28346 | D:12     | Killed Urug
 29053 | D:12     | Noticed Josephine
 29065 | D:12     | Killed Josephine
 29085 | D:12     | Reached skill level 13 in Dodging
 29910 | Orc:1    | Entered Level 1 of the Orcish Mines
 29932 | Orc:2    | Found a shimmering altar of Xom.
 29939 | Orc:2    | Found Haot Dyrch's General Store.
 29973 | Orc:1    | Found a frozen archway.
 30199 | IceCv    | Entered an ice cave
 30936 | Orc:2    | Offered knowledge of Bolt of Fire by Vehumet.
 31341 | Orc:2    | Found a roughly hewn altar of Beogh.
 32054 | Orc:3    | Found a bloodstained altar of Trog.
 32312 | Orc:3    | Noticed Fannar
 32323 | Orc:3    | Killed Fannar
 32513 | Orc:3    | Found a staircase to the Elven Halls.
 32517 | Orc:3    | Noticed Sonja
 32524 | Orc:3    | Killed Sonja
 33005 | Orc:4    | Entered Level 4 of the Orcish Mines
 33005 | Orc:4    | Found Duapig's Book Emporium.
 33005 | Orc:4    | Noticed an orc warlord
 33466 | Orc:4    | Offered knowledge of Poison Arrow by Vehumet.
 33649 | Orc:4    | Reached XP level 15. HP: 96/96 MP: 6/35
 33831 | Orc:3    | Killed an orc warlord
 34023 | Orc:4    | Found Bruc's Antique Armour Shop.
 34248 | Orc:4    | Found Soarchose's Antique Weapon Emporium.
 34862 | Orc:4    | Found Jaohees' General Store.
 35326 | Spider:1 | Entered Level 1 of the Spider Nest
 36780 | Spider:2 | Noticed Nikola
 36798 | Spider:2 | Mangled by a wolf spider

Action                   |  1- 3 |  4- 6 |  7- 9 | 10-12 | 13-15 || total
-------------------------+-------+-------+-------+-------+-------++-------
Melee: Unarmed           |     7 |       |       |       |       ||     7
       Dagger            |    16 |    96 |   136 |   408 |   327 ||   983
       Short sword       |     7 |       |       |       |       ||     7
       Trident           |       |    26 |       |       |       ||    26
       Rapier            |       |       |       |    70 |    79 ||   149
       Staff             |       |       |       |       |    83 ||    83
       Spear             |       |       |       |       |    73 ||    73
       Mace              |       |       |       |       |    13 ||    13
 Fire: Blowgun           |       |       |       |    21 |       ||    21
Throw: Stone             |     4 |     7 |       |       |       ||    11
 Cast: Magic Dart        |    95 |   106 |   337 |   167 |       ||   705
       Mephitic Cloud    |       |    15 |    39 |   161 |   152 ||   367
       Conjure Flame     |       |     7 |    17 |    34 |    20 ||    78
       Repel Missiles    |       |       |     1 |       |     1 ||     2
       Regeneration      |       |       |    15 |    21 |    10 ||    46
       Blink             |       |       |     8 |    12 |    11 ||    31
       Throw Icicle      |       |       |       |   167 |   662 ||   829
       Ozocubu's Armour  |       |       |       |       |    16 ||    16
       Haste             |       |       |       |       |     1 ||     1
  Use: Scroll            |       |       |    15 |    13 |    11 ||    39
       Potion            |       |       |     4 |     2 |     4 ||    10
 Stab: Sleeping          |       |     1 |     1 |     4 |     2 ||     8
       Distracted        |       |     1 |       |     1 |     2 ||     4
       Confused          |       |       |     6 |    34 |    36 ||    76
       Fleeing           |       |       |       |       |     1 ||     1
  Eat: Chunk             |     2 |    12 |    16 |    32 |    47 ||   109
       Beef jerky        |       |       |     1 |       |       ||     1
       Pizza             |       |       |       |       |     4 ||     4
